 Dungeon Crawl Stone Soup version 0.19-a0-1007-g133f65f (webtiles) character file.

122 Jooles the Bolt Thrower (level 4, 0/37 HPs)
             Began as a Centaur Hunter on July 20, 2016.
             Slain by a goblin (4 damage)
             ... on level 2 of the Dungeon.
             The game lasted 00:08:51 (2157 turns).

Jooles the Bolt Thrower (Centaur Hunter)            Turns: 2157, Time: 00:08:51

Health: 0/37       AC:  6    Str: 16    XL:     4   Next: 78%
Magic:  4/4        EV:  9    Int: 10    God:
Gold:   33         SH:  0    Dex:  9    Spells: 0 memorised, 3 levels left

rFire  + . .     SeeInvis .       - Unarmed
rCold  . . .     Gourm    .     c - +0 leather armour
rNeg   . . .     Faith    .     (no shield)
rPois  .         Spirit   .     (no helmet)
rElec  .         Dismiss  .     m - +1 cloak
rCorr  .         Reflect  .     (no gloves)
SustAt .         Harm     .     (no barding)
MR     .....                    (no amulet)
Stlth  +.........               (no ring)
                                t - ring of protection from fire

@: very quick, not resistant to hostile enchantments, very unstealthy
A: hooves 3, deformed body, speed 2, tough skin 3
a: no special abilities


You were on level 2 of the Dungeon.
You were near starving.

You visited 1 branch of the dungeon, and saw 3 of its levels.

You collected 33 gold pieces.

Inventory:

Hand Weapons
 a - a +1 hand crossbow
Missiles
 d - 8 bolts
Armour
 c - a +0 leather armour (worn)
 g - a +0 plate armour
 m - a +1 cloak (worn)
Jewellery
 t - a ring of protection from fire (left hand)
Scrolls
 e - 3 scrolls of magic mapping {unknown}
 h - 2 scrolls of immolation {unknown}
 i - a scroll of fog {unknown}
 j - a scroll of recharging {unknown}
 k - a scroll of noise {unknown}
 l - a scroll of amnesia {unknown}
 o - a scroll of remove curse {unknown}
 p - a scroll of teleportation {unknown}
 r - a scroll of fear {unknown}
 s - a scroll of identify {unknown}
 u - a scroll of random uselessness {unknown}
Potions
 n - a potion of resistance {unknown}
Comestibles
 b - 4 fruits
 f - a bread ration


   Skills:
 + Level 2.8 Fighting
 * Level 5.1 Crossbows
 + Level 1.0 Armour
 + Level 1.8 Dodging
 + Level 1.4 Stealth
 + Level 1.0 Unarmed Combat


You had 3 spell levels left.
You didn't know any spells.

Dungeon Overview and Level Annotations

Branches:
Dungeon (3/15)

Altars:
Makhleb
Zin

Annotations:
D:3 Xiguana's ghost, amateur HESk


Innate Abilities, Weirdness & Mutations

You have hooves in place of feet.
Armour fits poorly on your strangely shaped body.
You cover ground very quickly.
You have extremely tough skin. (AC +3)


Message History

Xiguana's ghost hits you. The goblin hits you.
* * * LOW HITPOINT WARNING * * *
Xiguana's ghost hits you!
* * * LOW HITPOINT WARNING * * *
The giant newt bites you but does no damage.
You climb upwards.
The ghost fades into the shadows.
Xiguana's ghost disappears!
There is a stone staircase leading down here.
You are now empty-handed.
You are too injured to fight recklessly!
You are too injured to fight recklessly!
You are too injured to fight recklessly!
You are too injured to fight recklessly!
You closely miss the goblin. The goblin barely misses you.
The giant newt barely misses you.
You hit the goblin.
The goblin is moderately wounded.
The goblin hits you.
You die...

#....##.....#.# ###
########.##.###.#.# ..#
#........##.#...#.# ..#
###.#########.#...#.#
..###...#......##.###...#
..#....##.###.......#.#####
###....##.###..##.........#
###...)##.##...g..#...###.#
.........<(.....@.......#)#
#########.###...l....##.#.###
#.P.........<[...........#
##P♣♣....#####.#.......#.#.#
##.P♣P♣.P.#............##.#.#
..P♣♣♣♣♣P.#.###.#.####....#.#
..♣PP♣.♣..#.# #.#..(....###.#
...♣♣.♣♣..#.# #.#)###...# #.#
..P...PP....# #.#.).#...###.#


You could see a goblin and a giant newt.

Vanquished Creatures
  A crimson imp (D:2)
  4 adders
  A dart slug (D:2)
  A giant gecko (D:1)
  4 orcs (D:3)
  2 bats
  2 giant cockroaches
  9 goblins
  8 hobgoblins
  7 kobolds
  A quokka (D:3)
  A ball python (D:1)
  3 giant newts
  3 rats
47 creatures vanquished.

Notes
Turn   | Place    | Note
-------+----------+-------------------------------------------
     0 | D:1      | Jooles the Centaur Hunter began the quest for the Orb.
     0 | D:1      | Reached XP level 1. HP: 17/17 MP: 1/1
   302 | D:1      | Reached XP level 2. HP: 23/24 MP: 2/2
   381 | D:1      | Reached skill level 1 in Stealth
   676 | D:2      | Reached XP level 3. HP: 30/30 MP: 3/3
   784 | D:2      | Found a burning altar of Makhleb.
   889 | D:2      | Reached XP level 4. HP: 37/37 MP: 4/4
  1035 | D:2      | Reached skill level 5 in Crossbows
  1778 | D:3      | Found a glowing silver altar of Zin.
  1799 | D:3      | Noticed Xiguana's ghost (amateur HESk)
  2137 | D:3      | Reached skill level 1 in Armour
  2137 | D:3      | Reached skill level 1 in Unarmed Combat
  2157 | D:2      | Slain by a goblin

Vault maps used:
D:1:      minmay_arrival_arboretum_small
D:2:      wad_river_or_something, makhleb_grotto_becter, serial_forest,
          infiniplex_forest_lined_room_2, infiniplex_forest_end_double,
          infiniplex_forest_clump_medium, infiniplex_forest_end_double,
          infiniplex_forest_clump_small, infiniplex_forest_zigzag_1,
          infiniplex_forest_straight_2
D:3:      overflow_temple_1_default

Skill      XL: |  1  2  3  4 |
---------------+-------------+-----
Stealth        | 1 |  1.4
Crossbows      | 5 |  5.1
Armour         | 1 |  1.0
Unarmed Combat | 1 |  1.0
Fighting       | |  2.8
Dodging        | |  1.8

Action                   |  1- 3 |  4- 6 || total
-------------------------+-------+-------++-------
Melee: Short sword       |    29 |       ||    29
       Kick              |     6 |     8 ||    14
       Unarmed           |     2 |    67 ||    69
 Fire: Hand crossbow     |    40 |    25 ||    65
  Eat: Chunk             |       |     1 ||     1
Armor: Leather armour    |    15 |    39 ||    54
Dodge: Dodged            |    16 |    48 ||    64
